Map: Zen LE

Players

Fulcrum - Winner!

  • Race: Protoss Protoss
  • League: Diamond
  • Spawn Location: 1:00

antagomiR

  • Race: Protoss Protoss
  • League: Gold
  • Spawn Location: 7:00

VOD

Have the link to the VOD?

Description

Time

  • Played on: April 1, 2020, 6:36 p.m.
  • Length: 5:11
Show
View Real Time Build Order
Export as new Build Order

Fulcrum Protoss - Winner!

Build Orders:  

Get SALT Encoding   

  12  0:01  Probe  
  13  0:17  Pylon  
  13  0:19  Probe  
  14  0:39  Probe, Gateway  
  15  0:53  Probe (Chrono Boost)  
  15  0:55  Assimilator  
  17  1:05  Probe (Chrono Boost)  
  17  1:07  Pylon  
  17  1:10  Probe (Chrono Boost)  
  18  1:17  Pylon  
  18  1:19  Probe  
  19  1:29  Cybernetics Core  
  20  1:32  Probe  
  20  1:40  Gateway  
  20  1:45  Probe  
  21  1:57  Probe  
  21  2:00  Warp Gate (Chrono Boost)  
  22  2:09  Probe  
  22  2:10  Assimilator  
  23  2:24  Gateway  
  23  2:26  Gateway  
  23  2:28  Probe  
  24  2:32  Adept  
  24  2:35  Adept  
  28  2:46  Shield Battery  
  28  3:06  Pylon  
  28  3:31  Pylon  
  28  3:36  Stalker x2  
  28  3:37  Stalker x2  
  36  3:43  Pylon  
  36  3:53  Forge  
  36  4:03  Stalker x2  
  36  4:06  Stalker  
  42  4:16  Stalker  
  42  4:44  Stalker x3  
  48  4:46  Stalker  
Show
View Real Time Build Order
Export as new Build Order

antagomiR Protoss 

Build Orders:  

Get SALT Encoding   

  12  0:01  Probe  
  13  0:13  Probe  
  14  0:18  Pylon  
  14  0:26  Probe  
  15  0:39  Probe, Gateway  
  16  0:51  Probe  
  16  0:52  Assimilator  
  17  1:03  Probe  
  18  1:09  Assimilator  
  18  1:15  Probe  
  19  1:35  Probe  
  20  1:47  Probe  
  21  1:58  Nexus  
  21  2:00  Probe, Pylon  
  22  2:17  Cybernetics Core  
  22  2:22  Forge  
  22  2:25  Probe  
  23  2:35  Assimilator  
  23  2:37  Probe  
  23  2:38  Zealot (Chrono Boost)  
  23  2:40  Assimilator  
  26  2:47  Warp Gate (Chrono Boost)  
  26  2:49  Probe  
  27  2:52  Protoss Ground Weapons Level 1 (Chrono Boost)  
  27  3:01  Probe  
  27  3:04  Stalker (Chrono Boost)  
  30  3:13  Probe x2  
  32  3:25  Probe x2, Shield Battery  
  34  3:35  Gateway  
  34  3:42  Pylon  
  34  3:46  Probe x2  
  36  3:58  Probe  
  36  3:59  Probe  
  38  4:10  Probe  
  38  4:11  Probe  
  40  4:17  Gateway  
  40  4:20  Twilight Council  
  40  4:22  Sentry  
  37  4:40  Stalker  
  37  4:48  Stalker  
Tags
 
Matchup
PvP
Replay Pack
20200422
Spawn Locations
Cross Positions
Add a new tag
Caveats
  • Supply blocks, unpowered buildings, or Contaminate may cause inaccurate times.
  • Supply counts are checked every 10 seconds.